 Dungeon Crawl Stone Soup version 0.27-a0-577-ge2a43ba0c9 (webtiles) character file.

Game seed: 15514522993849453022

3684 sahdkjhfkaj the Covert (level 10, -11/66 HPs)
             Began as an Octopode Delver on Mar 9, 2021.
             Was a Believer of Sif Muna.
             Mangled by a yak (15 damage)
             ... on level 8 of the Dungeon.
             The game lasted 00:16:52 (12009 turns).

sahdkjhfkaj the Covert (Octopode Delver)           Turns: 12009, Time: 00:16:53

Health: -11/66     AC:  1    Str: 11    XL:     10   Next: 13%
Magic:  10/10      EV: 14    Int: 23    God:    Sif Muna [**....]
Gold:   455        SH:  0    Dex: 19    Spells: 0/9 levels left

rFire    . . .     SeeInvis .   a - +4 dagger (vamp)
rCold    . . .     Faith    .   (no shield)
rNeg     . . .     Spirit   .   (helmet restricted)
rPois    .         Reflect  .   (no amulet)
rElec    .         Harm     .   w - +6 ring of intelligence
rCorr    .         Rampage  .   v - +6 ring of dexterity
Will     .....                  (no ring)
Stlth    ++++++....             (no ring)
HPRegen  0.21/turn              (no ring)
MPRegen  0.12/turn              (no ring)
                                (no ring)
                                (no ring)

@: no status effects
A: almost no armour, amphibious, 8 rings, constrict 8, camouflage 1, gelatinous
body 1, nimble swimmer 1
a: Renounce Religion, Channel Magic


You were on level 8 of the Dungeon.
You worshipped Sif Muna.
Sif Muna was pleased with you.
You visited 1 branch of the dungeon, and saw 9 of its levels.

You collected 455 gold pieces.

Inventory:

Hand Weapons
 a - a +4 vampiric dagger (weapon)
 b - a +1 whip of venom
Missiles
 c - 14 boomerangs
 k - 8 poisoned darts (quivered)
 s - 285 stones
 t - 3 javelins
Jewellery
 v - a +6 ring of dexterity (right tentacle)
 w - a +6 ring of intelligence (left tentacle)
Wands
 d - a wand of digging (3)
 i - a wand of iceblast (8)
 j - a wand of polymorph (7)
 p - a wand of paralysis (10)
 r - a wand of random effects (29)
Scrolls
 f - 3 scrolls of enchant armour
 g - a scroll of amnesia
 m - 2 scrolls of enchant weapon
 E - 3 scrolls of fear
 F - a scroll of fog
 K - 2 scrolls of immolation
 O - a scroll of silence
 X - 2 scrolls of magic mapping {@r4}
 Y - 3 scrolls of teleportation {@r3}
Potions
 e - a potion of flight {unknown}
 l - a potion of magic {unknown}
 n - a potion of heal wounds {unknown}
 o - 2 potions of lignification {unknown}
 q - a potion of cancellation {unknown}
 u - a potion of brilliance {unknown}
 A - a potion of attraction
 G - 2 potions of ambrosia
 J - a potion of curing {@q1}
 M - a potion of might


   Skills:
 - Level 5.0 Fighting
 - Level 10.0 Short Blades
 - Level 3.0 Dodging
 - Level 10.0 Stealth
 + Level 8.3 Evocations


You couldn't memorise any spells.
You knew the following spells:

 Your Spells              Type           Power      Damage    Failure   Level
d - Mephitic Cloud        Conj/Pois/Air  0%         N/A       43%         3
h - Petrify               Tmut/Erth      0%         N/A       83%         4
B - Blink                 Tloc           N/A        N/A       24%         2

Your spell library contained the following spells:

 Spells                   Type           Power      Damage    Failure   Level
 Magic Dart               Conj           0%         1d3       16%         1
 Call Imp                 Summ           0%         N/A       24%         2
 Slow                     Hex            0%         N/A       24%         2
 Confusing Touch          Hex            0%         N/A       43%         3
 Conjure Flame            Conj/Fire      0%         6-21      43%         3
 Gell's Gravitas          Tloc           0%         N/A       43%         3
 Metabolic Englaciation   Hex/Ice        0%         N/A       99%         5
 Yara's Violent Unravell  Hex/Tmut       0%         3d3       99%         5


Dungeon Overview and Level Annotations

Branches:
Dungeon (9/15)             Temple (0/1) D:7
   Lair: D:8-11         Orc: D:9-12

Altars:
Cheibriados
Dithmenos
Elyvilon
Gozag
Nemelex Xobeh
Okawaru
Qazlal
Sif Muna
Yredelemnul
Zin

Annotations:
D:3 4 runed translucent doors, Crazy Yiuf; Grant146's ghost, amateur MiBe
D:5 3 runed translucent doors, garrulousMonolith's ghost, novice GnWz
D:6 2 transporters


Innate Abilities, Weirdness & Mutations

You cannot wear most types of armour.
You are amphibious.
You can wear up to eight rings at the same time.
You can use your tentacles to constrict eight enemies at once.
Your skin changes colour to match your surroundings (Stealth+).
Your rubbery body absorbs attacks. (AC +1, EV +1)
You are stealthy while swimming. (Stealth+)


Message History

The yak is moderately wounded.
You completely miss the yak.
The yak is moderately wounded.
The yak gores you!
You closely miss the yak.
The yak is moderately wounded.
You completely miss the yak.
The yak is moderately wounded.
The yak gores you!
* * * LOW HITPOINT WARNING * * *
You barely miss the yak.
The yak is moderately wounded.
You hit the yak.
The yak is heavily wounded.
The yak gores you.
* * * LOW HITPOINT WARNING * * *
You hit the yak.
You feel better.
The yak is heavily wounded.
There is a stone staircase leading up here.
The yak gores you!
* * * LOW HITPOINT WARNING * * *
You climb upwards.
There is a stone staircase leading down here.
Okay, then.
As you read the scroll of summoning, it crumbles to dust.
Wisps of shadow whirl around you... The yak gores you!
* * * LOW HITPOINT WARNING * * *
You hit the yak.
You feel better.
The yak is heavily wounded.
You hit the yak.
You feel better.
The yak is heavily wounded.
The yak gores you.
* * * LOW HITPOINT WARNING * * *
Your orc wizard hits the yak with a +0 dagger.
You hit the yak.
You feel better.
The yak is severely wounded.
You hit the yak.
The yak is severely wounded.
The yak gores you!
You die...

###
####################.#
.....................#
.###################.#
.# ### #.# .##### #@#
#.# .....# #Y# #.#
.....# #o# #.# .....#
#o# #.# .....# #o# #.#
####.# #o# #.#
.....###########.# #.#
.............>...###.###
#########...[..........#


You could see a yak (ally target), a friendly orc wizard (summoned) and 3
friendly orcs.

Vanquished Creatures
  Grinder (D:6)
  A water moccasin (D:8)
  Duvessa (D:4)
  2 orc warriors (D:7)
  3 sky beasts
  2 black bears
  6 ogres
  A necrophage (D:8)
  2 centaurs
  A phantom (D:6)
  A bullfrog (D:6)
  A wyvern zombie (D:7)
  Dowan (D:4)
  A water moccasin zombie (D:5)
  2 scorpions
  5 wights
  3 howler monkeys
  2 hounds
  A bullfrog zombie (D:6)
  3 centaur zombies
  2 jellies
  3 orc priests
  Ijyb (D:4)
  An iguana (D:4)
  5 orc wizards
  6 worker ants
  A killer bee zombie (D:8)
  A hound skeleton (D:4)
  13 adders
  15 gnolls
  3 shadow imps
  3 white imps
  An ufetubus (D:6)
  2 adder skeletons
  3 dart slugs
  7 leopard geckos
  32 orcs
  A bat skeleton (D:2)
  7 giant cockroaches
  10 goblins
  7 hobgoblins
  5 jackals
  5 quokkas
  A ball python skeleton (D:2)
  A ball python zombie (D:5)
  8 bats
  3 frilled lizards
  A giant cockroach zombie (D:2)
  A jackal skeleton (D:8)
  7 kobolds
  A leopard gecko zombie (D:8)
  A quokka skeleton (D:2)
  A quokka zombie (D:2)
  5 rats
204 creatures vanquished.

Vanquished Creatures (others)
  A fungus (D:3)
  3 plants (D:3)
4 creatures vanquished.

Grand Total: 208 creatures vanquished

Notes
Turn   | Place    | Note
-------+----------+-------------------------------------------
     0 | D:5      | sahdkjhfkaj the Octopode Delver began the quest for the
                  | Orb.
     0 | D:5      | Reached XP level 1. HP: 16/16 MP: 1/1
    33 | D:5      | Noticed a scorpion
   163 | D:5      | Found a stormy altar of Qazlal.
   177 | D:5      | Reached XP level 2. HP: 10/21 MP: 2/2
   376 | D:5      | Found a runed translucent gate.
   376 | D:5      | Found a runed translucent gate.
   376 | D:5      | Found a runed translucent gate.
   417 | D:4      | Noticed an ogre
   581 | D:3      | Found a runed translucent gate.
   581 | D:3      | Found a runed translucent gate.
   581 | D:3      | Found a runed translucent gate.
   581 | D:3      | Identified the +1 short sword of Infinite Pain {drain,
                  | rPois}
   581 | D:3      | Noticed a kobold brigand
   584 | D:3      | Noticed Grant146's ghost (amateur MiBe)
   681 | D:3      | Reached skill level 1 in Evocations
   822 | D:3      | Reached XP level 3. HP: 26/26 MP: 3/3
   873 | D:3      | HP: 1/26 [poisoned by an adder]
  1061 | D:3      | Found a faded altar of an unknown god.
  1088 | D:3      | Reached XP level 4. HP: 30/31 MP: 4/4
  1422 | D:3      | Found a snail-covered altar of Cheibriados.
  1509 | D:3      | Found a runed translucent door.
  2184 | D:1      | Reached XP level 5. HP: 34/36 MP: 5/5
  3107 | D:2      | Reached skill level 5 in Short Blades
  3797 | D:3      | Found a shadowy altar of Dithmenos.
  3883 | D:3      | Noticed Crazy Yiuf
  4051 | D:3      | Reached XP level 6. HP: 8/42 MP: 6/6
  4897 | D:4      | Noticed Ijyb
  4919 | D:4      | Killed Ijyb
  5277 | D:4      | Found a basalt altar of Yredelemnul.
  5283 | D:4      | Found a white marble altar of Elyvilon.
  5294 | D:4      | Noticed Duvessa
  5294 | D:4      | Noticed Dowan
  5313 | D:4      | Killed Duvessa
  5314 | D:4      | Reached XP level 7. HP: 28/46 MP: 7/7
  5516 | D:4      | Killed Dowan
  6291 | D:5      | Reached XP level 8. HP: 25/52 MP: 8/8
  6547 | D:5      | Found a shimmering blue altar of Sif Muna.
  6629 | D:5      | Became a worshipper of Sif Muna the Loreminder
  6687 | D:5      | Noticed garrulousMonolith's ghost (novice GnWz)
  7007 | D:6      | Noticed Grinder
  7009 | D:6      | Paralysed by Grinder for 3 turns
  7016 | D:6      | Killed Grinder
  7080 | D:6      | Found a transporter.
  7209 | D:6      | HP: 1/52 [phantom (7)]
  7226 | D:6      | HP: 1/52 [phantom (8)]
  7822 | D:6      | Learned a level 2 spell: Blink
  7827 | D:6      | Reached skill level 10 in Stealth
  7874 | D:6      | Reached XP level 9. HP: 56/56 MP: 9/9
  7894 | D:6      | Reached * piety under Sif Muna
  8172 | D:6      | Learned a level 3 spell: Mephitic Cloud
  8266 | D:6      | Found a transporter.
  8356 | D:7      | Reached skill level 10 in Short Blades
  8638 | D:7      | Found a glowing silver altar of Zin.
  8684 | D:7      | Reached skill level 5 in Evocations
  9707 | D:7      | Found a staircase to the Ecumenical Temple.
  9843 | D:7      | Found a sparkling altar of Nemelex Xobeh.
  9879 | D:7      | Found an iron altar of Okawaru.
 10045 | D:7      | Found an opulent altar of Gozag.
 10132 | D:8      | HP: 1/49 [orc warrior/+0 battleaxe (18)]
 10435 | D:8      | Reached ** piety under Sif Muna
 10455 | D:8      | Reached skill level 5 in Fighting
 10957 | D:8      | Reached XP level 10. HP: 66/66 MP: 10/10
 11879 | D:8      | Learned a level 4 spell: Petrify
 12007 | D:8      | HP: 1/66 [yak (6)]
 12009 | D:8      | Mangled by a yak

Illustrated notes

Levels and vault maps discovered:
D:1:      wander_arrival_desolate, layout_basic, lemuel_another_geyser
D:2:      layout_rooms, serial_undead, serial_undead_a, serial_undead_c,
          serial_undead_b, serial_undead_b, serial_undead_e, serial_undead_b,
          serial_undead_e
D:3:      layout_loops_ring, marbit_many_paths, gammafunk_ghost_nasty_kobolds,
          chequers_ecumenical_altar_island, cheibriados_altar_1,
          uniq_crazy_yiuf_cottage
D:4:      layout_basic, general_overflow_altar, lemuel_crystal_altar, uniq_ijyb,
          uniq_duvessa
D:5:      layout_rooms, nicolae_qazlal_scattered_showers,
          ebering_ghost_rock_garden, led_sif_pool
D:6:      gammafunk_cloud_chamber, layout_gridville, uniq_grinder
D:7:      layout_rooms, nemelex_altar_shiori, okawaru_metal_pillars_1_2,
          lemuel_coloured_pillars_altar, lemuel_crystal_altar, temple_pool_b,
          amcnicky_mini_pool_small, bh_walls_and_bars
D:8:      layout_basic
D:9:      layout_loops_corners, nicolae_overflow_hidden_temple,
          hiddenorc1_lemuel

Skill      XL: |  1  2  3  4  5  6  7  8  9 10 |
---------------+-------------------------------+-----
Short Blades   | 3 4 5 6 7 9 10 | 10.0
Evocations     | 1 2 3 4 7 8 |  8.3
Stealth        | 7 8 10 | 10.0
Fighting       | 5 |  5.0
Dodging        | 3 |  3.0

Action                   |  1- 3 |  4- 6 |  7- 9 | 10-12 || total
-------------------------+-------+-------+-------+-------++-------
Melee: Short sword       |    42 |   149 |       |       ||   191
       Constrict         |    11 |    49 |    47 |    14 ||   121
       Tentacles         |     7 |    37 |    75 |    23 ||   142
       Dagger            |       |    28 |   298 |    83 ||   409
       Whip              |       |    14 |       |       ||    14
Throw: Stone             |    31 |    19 |       |       ||    50
       Dart              |       |    11 |    24 |       ||    35
Evoke: Wand              |       |       |     6 |       ||     6
  Use: Scroll            |     1 |     4 |     8 |     2 ||    15
       Potion            |     3 |     1 |     5 |       ||     9
 Stab: Sleeping          |       |    19 |    18 |     1 ||    38
       Petrified         |       |       |     2 |       ||     2
       Fleeing           |       |       |     1 |       ||     1
       Distracted        |       |       |     3 |     1 ||     4
Armor: Skin              |     5 |     9 |     5 |     3 ||    22
Dodge: Dodged            |    28 |   105 |   124 |    29 ||   286

Table legend: (Time is in decaauts)
 A = Elapsed time spent in this place.
 B = Non-inter-level travel time spent in this place.
 C = Inter-level travel time spent in this place.
 D = Time resting spent in this place.
 E = Time spent auto-exploring this place.
 F = Levels seen in this place.
 G = Mean time per level.
                   A        B        C        D        E       F      G
               +--------+--------+--------+--------+--------+-----+--------+
         Total |  11782 |  11406 |    376 |    432 |   9239 |   9 | 1309.1 |
       Dungeon |  11782 |  11406 |    376 |    432 |   9239 |   9 | 1309.1 |
               +--------+--------+--------+--------+--------+-----+--------+

Top non-repeatable levels by time:
     D:3: 1971 daAuts
     D:4: 1905 daAuts
     D:6: 1831 daAuts
     D:8: 1454 daAuts
     D:5: 1286 daAuts
     D:7: 1214 daAuts
     D:1: 1184 daAuts
     D:2: 862 daAuts
     D:9: 69 daAuts
